Workbook
Name Print_Area: 'Orçamento REFORÇO ESTRUTURAL'!$A$6:$M$115
Name Print_Titles: 'Orçamento REFORÇO ESTRUTURAL'!$6:$16

Sheet Orçamento REFORÇO ESTRUTURAL
A1: INCLUIR LOGOTIPO DA EMPRESA
A7: DADOS DA EMPRESA
A8: DADOS DA EMPRESA
A10: Planilha de Orçamento - GLOBAL
A12: Obra: REFORÇO ESTRUTURAL NA SALA DOS PROFESSORES | F12: Endereço: Rua. Mem de Sá nº 800, Loteamento Bom Sucesso
A13: Cliente: Instituto Federal Sul-Rio-Grandense | F13: Cidade: Gravataí - RS | J13: BDI =
A14: Item/Descrição | B14: Qtd. | C14: Un | D14: Mão-de-Obra | F14: Material | H14: Custo Unit. Total | I14: Custo Direto | J14: BDI | L14: Sub-Total do Item | M14: Total do Item
D15: Custo Unitário | E15: Custo Parcial | F15: Custo Unitário | G15: Custo Parcial | J15: Valor | K15: %
A17: 2. SERVIÇOS PRELIMINARES / TÉCNICOS | M17: =SUM(L18:L32) -> 0
A18: 2.8. DEMOLIÇÕES E REMOÇÕES
A19: 2.8.7 DEMOLIÇÃO E REMOÇÃO DE PISO
A20: .1 REMOÇÃO DE PISO CERÂMICOS, INCL. ARGAMASSA DE ASSENTAMENTO | B20: 95.13 | C20: M2 | E20: =D20*B20 -> 0 | G20: =F20*B20 -> 0 | H20: =+D20+F20 -> 0 | I20: =E20+G20 -> 0 | J20: =K20*I20 -> 0 | K20: =$K$13 -> 0 | L20: =I20+J20 -> 0
A21: .2 RETIRADA DE RODAPÉ CERÂMICO, INCL. ARGAMASSA DE ASSENTAMENTO | B21: 35.84 | C21: M2 | E21: =D21*B21 -> 0 | G21: =F21*B21 -> 0 | H21: =+D21+F21 -> 0 | I21: =E21+G21 -> 0 | J21: =K21*I21 -> 0 | K21: =$K$13 -> 0 | L21: =I21+J21 -> 0
A22: 2.8.13 REMOÇÃO DE ESQUADRIA DE MADEIRA
A23: .1 RETIRADA DE ESQUADRIAS DE MADEIRA (PORTA) | B23: 1.89 | C23: M2 | E23: =D23*B23 -> 0 | G23: =F23*B23 -> 0 | H23: =+D23+F23 -> 0 | I23: =E23+G23 -> 0 | J23: =K23*I23 -> 0 | K23: =$K$13 -> 0 | L23: =I23+J23 -> 0
A24: 2.8.14 DEMOLIÇÃO DE CONTRAPISO
A25: .1 DEMOLIÇÃO DE CONTRAPISO DE CONCRETO SIMPLES 8CM | B25: 2.88 | C25: M2 | E25: =D25*B25 -> 0 | G25: =F25*B25 -> 0 | H25: =+D25+F25 -> 0 | I25: =E25+G25 -> 0 | J25: =K25*I25 -> 0 | K25: =$K$13 -> 0 | L25: =I25+J25 -> 0
A26: 2.8.25 REMOÇÃO DE DIVISÓRIAS
A27: .1 DESMONTAGEM DE DIVISÓRIAS LEVES | B27: 25.14 | C27: M2 | E27: =D27*B27 -> 0 | G27: =F27*B27 -> 0 | H27: =+D27+F27 -> 0 | I27: =E27+G27 -> 0 | J27: =K27*I27 -> 0 | K27: =$K$13 -> 0 | L27: =I27+J27 -> 0
A28: 2.10. TRANSPORTES
A29: .1 LOCAÇÃO DE CAÇAMBA COLETORA DE ENTULHO, CAPACIDADE 7M3 | B29: 1 | C29: UN | E29: =D29*B29 -> 0 | G29: =F29*B29 -> 0 | H29: =+D29+F29 -> 0 | I29: =E29+G29 -> 0 | J29: =K29*I29 -> 0 | K29: =$K$13 -> 0 | L29: =I29+J29 -> 0
A30: 2.14. ESCORAMENTO
A31: 2.14.2 ESCORA METÁLICA
A32: .1 ESCORAMENTO METÁLICO POR TUBO - LOCAÇÃO MENSAL | B32: 90 | C32: UN | E32: =D32*B32 -> 0 | G32: =F32*B32 -> 0 | H32: =+D32+F32 -> 0 | I32: =E32+G32 -> 0 | J32: =K32*I32 -> 0 | K32: =$K$13 -> 0 | L32: =I32+J32 -> 0
A33: 3. MOVIMENTO DE TERRA | M33: =SUM(L34:L37) -> 0
A34: 3. 1. ESCAVAÇÕES
A35: .1 ESCAVACAO MANUAL DE SOLO DE 1A. ATE 1,50M | B35: 3.17 | C35: M3 | E35: =D35*B35 -> 0 | G35: =F35*B35 -> 0 | H35: =+D35+F35 -> 0 | I35: =E35+G35 -> 0 | J35: =K35*I35 -> 0 | K35: =$K$13 -> 0 | L35: =I35+J35 -> 0
A36: 3. 3. REATERRO DE VALAS DE FUNDAÇÃO
A37: .1 REATERRO VALAS COM AREIA - COMPACTADA | B37: 1.54 | C37: M3 | E37: =D37*B37 -> 0 | G37: =F37*B37 -> 0 | H37: =+D37+F37 -> 0 | I37: =E37+G37 -> 0 | J37: =K37*I37 -> 0 | K37: =$K$13 -> 0 | L37: =I37+J37 -> 0
A38: 4. INFRA-ESTRUTURA / FUNDAÇÕES SIMPLES | M38: =SUM(L39:L49) -> 0
A39: 4.2. SAPATAS
A40: 4.2.1. FORMA
A41: .1 FORMA COMPENS.RESINADO-REAP.3X-INCL.ESCORAM. | B41: 4.16 | C41: M2 | E41: =D41*B41 -> 0 | G41: =F41*B41 -> 0 | H41: =+D41+F41 -> 0 | I41: =E41+G41 -> 0 | J41: =K41*I41 -> 0 | K41: =$K$13 -> 0 | L41: =I41+J41 -> 0
A42: 4.2.2. AÇO
A43: .1 ARMADURA CA-60 MEDIA 5,0 A 6,0MM | B43: 3 | C43: KG | E43: =D43*B43 -> 0 | G43: =F43*B43 -> 0 | H43: =+D43+F43 -> 0 | I43: =E43+G43 -> 0 | J43: =K43*I43 -> 0 | K43: =$K$13 -> 0 | L43: =I43+J43 -> 0
A44: .2 ARMADURA CA-50 MEDIA 1/4 A 3/8-6,35 A 9,53MM | B44: 31 | C44: KG | E44: =D44*B44 -> 0 | G44: =F44*B44 -> 0 | H44: =+D44+F44 -> 0 | I44: =E44+G44 -> 0 | J44: =K44*I44 -> 0 | K44: =$K$13 -> 0 | L44: =I44+J44 -> 0
A45: 4.2.3. CONCRETO
A46: .1 CONCRETO FCK 25MPA - PRE-MISTURADO - CONV. | B46: 1.08 | C46: M3 | E46: =D46*B46 -> 0 | G46: =F46*B46 -> 0 | H46: =+D46+F46 -> 0 | I46: =E46+G46 -> 0 | J46: =K46*I46 -> 0 | K46: =$K$13 -> 0 | L46: =I46+J46 -> 0
A47: .2 LANCAMENTO MANUAL CONCRETO ESTRUTURAL-ADENSAM.VIB. | B47: 1.08 | C47: M3 | E47: =D47*B47 -> 0 | G47: =F47*B47 -> 0 | H47: =+D47+F47 -> 0 | I47: =E47+G47 -> 0 | J47: =K47*I47 -> 0 | K47: =$K$13 -> 0 | L47: =I47+J47 -> 0
A48: .3 LASTRO MANUAL DE BRITA (BASE SAPATAS) | B48: 0.29 | C48: M3 | E48: =D48*B48 -> 0 | G48: =F48*B48 -> 0 | H48: =+D48+F48 -> 0 | I48: =E48+G48 -> 0 | J48: =K48*I48 -> 0 | K48: =$K$13 -> 0 | L48: =I48+J48 -> 0
A49: .4 LONA PLÁSTICA 150 MICRAS PARA BASE da SAPATAS | B49: 3 | C49: M2 | E49: =D49*B49 -> 0 | G49: =F49*B49 -> 0 | H49: =+D49+F49 -> 0 | I49: =E49+G49 -> 0 | J49: =K49*I49 -> 0 | K49: =$K$13 -> 0 | L49: =I49+J49 -> 0
A50: 6. SUPERESTRUTURA | M50: =SUM(L51:L55) -> 0
A51: 6.2. ESTRUTURA METÁLICA
A52: 6. 2. 1. PERFIS, CANTONEIRAS E CHAPAS
A53: .1 PERFIL I DE AÇO ESTRUTURAL W 200x31,3 - MÍNIMO ASTM A36 CONEXÕES SOLDADAS E/OU PARAFUSADAS - C/ PERDAS | B53: 454 | C53: KG | E53: =D53*B53 -> 0 | G53: =F53*B53 -> 0 | H53: =+D53+F53 -> 0 | I53: =E53+G53 -> 0 | J53: =K53*I53 -> 0 | K53: =$K$13 -> 0 | L53: =I53+J53 -> 0
A54: .2 CHAPA DE AÇO GROSSA, ASTM A36, E=10MM - PARA CONEXÕES PERDAS DE 5% EMBUTIDAS | B54: 17 | C54: KG | E54: =D54*B54 -> 0 | G54: =F54*B54 -> 0 | H54: =+D54+F54 -> 0 | I54: =E54+G54 -> 0 | J54: =K54*I54 -> 0 | K54: =$K$13 -> 0 | L54: =I54+J54 -> 0
A55: .3 CHUMBADOR - PARABOLT 12,5 X 100MM | B55: 20 | C55: UN | E55: =D55*B55 -> 0 | G55: =F55*B55 -> 0 | H55: =+D55+F55 -> 0 | I55: =E55+G55 -> 0 | J55: =K55*I55 -> 0 | K55: =$K$13 -> 0 | L55: =I55+J55 -> 0
A56: 7. ALVENARIA/ VEDAÇÃO/ DIVISÓRIA | M56: =SUM(L57:L60) -> 0
A57: 7.2. DIVISÓRIAS
A58: 7. 2. 2. DIVISÓRIA COM PAINEIS DE GESSO
A59: .1 PAREDE GESSO ACARTONADO - STANDARD - C/COLOCAÇÃO | B59: 45.25 | C59: M2 | E59: =D59*B59 -> 0 | G59: =F59*B59 -> 0 | H59: =+D59+F59 -> 0 | I59: =E59+G59 -> 0 | J59: =K59*I59 -> 0 | K59: =$K$13 -> 0 | L59: =I59+J59 -> 0
A60: .2 CANTONEIRA DE ALUMÍNIO BRANCO, ABA DE 1" - INCL. FIXAÇÃO C/ SILICONE INCOLOR | B60: 10 | C60: M | E60: =D60*B60 -> 0 | G60: =F60*B60 -> 0 | H60: =+D60+F60 -> 0 | I60: =E60+G60 -> 0 | J60: =K60*I60 -> 0 | K60: =$K$13 -> 0 | L60: =I60+J60 -> 0
A61: 8. ESQUADRIAS | M61: =SUM(L62:L68) -> 0
A62: 8. 1. ESQUADRIAS DE MADEIRA | J62: =K62*I62 -> 0 | L62: =I62+J62 -> 0
A63: 8. 1. 2. PORTAS INTERNAS | J63: =K63*I63 -> 0 | L63: =I63+J63 -> 0
A64: .1 PORTA INT.SEMI-OCA COMPENS.CEDRO OU TAUARI, INCL. MARCO E GUARNIÇÕES, S/FERR.0,90X2,10 - REINSTALAÇÃO | B64: 1 | C64: CJ | E64: =D64*B64 -> 0 | G64: =F64*B64 -> 0 | H64: =+D64+F64 -> 0 | I64: =E64+G64 -> 0 | J64: =K64*I64 -> 0 | K64: =$K$13 -> 0 | L64: =I64+J64 -> 0
A65: 8. 4. ESQUADRIAS DE VIDRO TEMPERADO | J65: =K65*I65 -> 0 | L65: =I65+J65 -> 0
A66: 8. 4. 1. DE VIDRO INCOLOR | J66: =K66*I66 -> 0 | L66: =I66+J66 -> 0
A67: 8. 4. 1. 1. JANELAS | J67: =K67*I67 -> 0 | L67: =I67+J67 -> 0
A68: .1 DE VIDRO TEMPERADO INCOLOR 5MM, INCL. BAGUETES | B68: 4.25 | C68: M2 | E68: =D68*B68 -> 0 | G68: =F68*B68 -> 0 | H68: =+D68+F68 -> 0 | I68: =E68+G68 -> 0 | J68: =K68*I68 -> 0 | K68: =$K$13 -> 0 | L68: =I68+J68 -> 0
A69: 10. INSTALAÇÕES ELÉTRICAS | M69: =SUM(L70:L77) -> 0
A70: 10. 1. INSTALAÇÕES DE BAIXA TENSÃO | J70: =K70*I70 -> 0 | L70: =I70+J70 -> 0
A71: 10. 1. 2. INTERRUPTORES, TOMADAS E ACESSÓRIOS | J71: =K71*I71 -> 0 | L71: =I71+J71 -> 0
A72: .1 TOMADA EMBUTIR DUPLA-INCLUSIVE CAIXA 2X4" - 10A | B72: 6 | C72: UN | E72: =D72*B72 -> 0 | G72: =F72*B72 -> 0 | H72: =+D72+F72 -> 0 | I72: =E72+G72 -> 0 | J72: =K72*I72 -> 0 | K72: =$K$13 -> 0 | L72: =I72+J72 -> 0
A73: 10. 1. 3. CONDUTORES | J73: =K73*I73 -> 0 | L73: =I73+J73 -> 0
A74: .1 CABO ISOLADO FLEXIVEL 2.5MM2 (12AWG) | B74: 25 | C74: M | E74: =D74*B74 -> 0 | G74: =F74*B74 -> 0 | H74: =+D74+F74 -> 0 | I74: =E74+G74 -> 0 | J74: =K74*I74 -> 0 | K74: =$K$13 -> 0 | L74: =I74+J74 -> 0
A75: 10. 1. 4. ELETRODUTO E ACESSORIOS | J75: =K75*I75 -> 0 | L75: =I75+J75 -> 0
A76: .1 ELETRODUTO CORRUGADO 3/4" | B76: 8 | C76: M | E76: =D76*B76 -> 0 | G76: =F76*B76 -> 0 | H76: =+D76+F76 -> 0 | I76: =E76+G76 -> 0 | J76: =K76*I76 -> 0 | K76: =$K$13 -> 0 | L76: =I76+J76 -> 0
A77: .2 ABRAÇADEIRA PVC TIPO CUNHA P/ELETR. 3/4" (19MM) | B77: 5 | C77: UN | E77: =D77*B77 -> 0 | G77: =F77*B77 -> 0 | H77: =+D77+F77 -> 0 | I77: =E77+G77 -> 0 | J77: =K77*I77 -> 0 | K77: =$K$13 -> 0 | L77: =I77+J77 -> 0
A78: 17. PINTURA | M78: =SUM(L80:L84) -> 0
A79: 17. 3. BASE ACRÍLICA
A80: .1 PINTURA ACRILICA SOBRE MASSA ACRÍLICA - 2 DEMAOS | B80: 73.95 | C80: M2 | E80: =D80*B80 -> 0 | G80: =F80*B80 -> 0 | H80: =+D80+F80 -> 0 | I80: =E80+G80 -> 0 | J80: =K80*I80 -> 0 | K80: =$K$13 -> 0 | L80: =I80+J80 -> 0
A81: 17. 6. MASSA CORRIDA
A82: .1 MASSA CORRIDA PVA PARA INTERIORES - 2 DEMAOS, INCL. LIXA | B82: 45.25 | C82: M2 | E82: =D82*B82 -> 0 | G82: =F82*B82 -> 0 | H82: =+D82+F82 -> 0 | I82: =E82+G82 -> 0 | J82: =K82*I82 -> 0 | K82: =$K$13 -> 0 | L82: =I82+J82 -> 0
A83: 17.9. FUNDO SOBRE METAL
A84: .1 FUNDO ANTI-OXIDO (ZARCÃO) - 2 DEMAOS, INCL. LIXA | B84: 16.15 | C84: M2 | E84: =D84*B84 -> 0 | G84: =F84*B84 -> 0 | H84: =+D84+F84 -> 0 | I84: =E84+G84 -> 0 | J84: =K84*I84 -> 0 | K84: =$K$13 -> 0 | L84: =I84+J84 -> 0
A85: 21. GERENCIAMENTO DE OBRAS / FISCALIZAÇÃO | M85: =SUM(L87:L88) -> 0
A86: 21.1. ADMINISTRAÇÃO DA OBRA
A87: 21.1. 1. DESPESAS COM PESSOAL
A88: .1 MESTRE DE OBRA | B88: 1.5 | C88: MS | E88: =D88*B88 -> 0 | G88: =F88*B88 -> 0 | H88: =+D88+F88 -> 0 | I88: =E88+G88 -> 0 | J88: =K88*I88 -> 0 | K88: =$K$13 -> 0 | L88: =I88+J88 -> 0
A89: 24. PISO | M89: =SUM(L90:L99) -> 0
A90: 24. 2. CONTRAPISO
A91: .1 CONTRAPISO DE CONCRETO MAGRO, 5CM | B91: 2.88 | C91: M2 | E91: =D91*B91 -> 0 | G91: =F91*B91 -> 0 | H91: =+D91+F91 -> 0 | I91: =E91+G91 -> 0 | J91: =K91*I91 -> 0 | K91: =$K$13 -> 0 | L91: =I91+J91 -> 0
A92: 24. 5. CERÂMICO
A93: .1 PISO CERÂMICO, INCL. ARGAMASSA COLANTE E REJUNTE | B93: 95.13 | C93: M2 | E93: =D93*B93 -> 0 | G93: =F93*B93 -> 0 | H93: =+D93+F93 -> 0 | I93: =E93+G93 -> 0 | J93: =K93*I93 -> 0 | K93: =$K$13 -> 0 | L93: =I93+J93 -> 0
A94: 24. 22. SOLEIRAS
A95: 24. 22. 1 DE BASALTO
A96: .1 SOLEIRA DE BASALTO TEAR 15CM, INCL. ARGAMASSA COLANTE | B96: 1.8 | C96: M | E96: =D96*B96 -> 0 | G96: =F96*B96 -> 0 | H96: =+D96+F96 -> 0 | I96: =E96+G96 -> 0 | J96: =K96*I96 -> 0 | K96: =$K$13 -> 0 | L96: =I96+J96 -> 0
A97: 24. 23. RODAPÉS
A98: 24. 23. 4 CERÂMICO
A99: .1 RODAPÉ CERÂMICO 7CM, INCL. ARGAMASSA COLANTE E REJUNTE | B99: 55.46 | C99: M | E99: =D99*B99 -> 0 | G99: =F99*B99 -> 0 | H99: =+D99+F99 -> 0 | I99: =E99+G99 -> 0 | J99: =K99*I99 -> 0 | K99: =$K$13 -> 0 | L99: =I99+J99 -> 0
H100: TOTAL DO ORÇAMENTO | M100: =SUM(M17:M99) -> 0
I102: Local e Data
I105: Nome do Profissional Responsável
I106: Especificação do Cargo/função
I107: N° do CREA ou CAU

Sheet Cronograma
A1: INCLUIR LOGOTIPO DA EMPRESA
A6: DADOS DA EMPRESA
A7: DADOS DA EMPRESA
A8: DADOS DA EMPRESA
A9: CRONOGRAMA
A11: Obra: REFORÇO ESTRUTURAL NA SALA DOS PROFESSORES | B11: Endereço: Rua. Mem de Sá nº 800, Loteamento Bom Sucesso
A12: Cliente: Instituto Federal Sul-Rio-Grandense | B12: Cidade: Gravataí - RS
A14: ITEM | B14: 30 dias | D14: 45 dias | F14: TOTAL
B15: VALOR | C15: % | D15: VALOR | E15: % | F15: VALOR | G15: %
A16: 2. SERVIÇOS PRELIMINARES / TÉCNICOS | B16: =C16*$F16 -> 0 | C16: 0.9 | D16: =E16*$F16 -> 0 | E16: 0.1 | F16: ='Orçamento REFORÇO ESTRUTURAL'!M17 -> 0 | G16: =C16+E16 -> 1
A17: 3. MOVIMENTO DE TERRA | B17: =C17*$F17 -> 0 | C17: 1 | D17: =E17*$F17 -> 0 | E17: 0 | F17: ='Orçamento REFORÇO ESTRUTURAL'!M33 -> 0 | G17: =C17+E17 -> 1
A18: 4. INFRA-ESTRUTURA / FUNDAÇÕES SIMPLES | B18: =C18*$F18 -> 0 | C18: 1 | D18: =E18*$F18 -> 0 | F18: ='Orçamento REFORÇO ESTRUTURAL'!M38 -> 0 | G18: =C18+E18 -> 1
A19: 6. SUPERESTRUTURA | B19: =C19*$F19 -> 0 | C19: 0.5 | D19: =E19*$F19 -> 0 | E19: 0.5 | F19: ='Orçamento REFORÇO ESTRUTURAL'!M50 -> 0 | G19: =C19+E19 -> 1
A20: 7. ALVENARIA/ VEDAÇÃO/ DIVISÓRIA | B20: =C20*$F20 -> 0 | D20: =E20*$F20 -> 0 | E20: 1 | F20: ='Orçamento REFORÇO ESTRUTURAL'!M56 -> 0 | G20: =C20+E20 -> 1
A21: 8. ESQUADRIAS | B21: =C21*$F21 -> 0 | D21: =E21*$F21 -> 0 | E21: 1 | F21: ='Orçamento REFORÇO ESTRUTURAL'!M61 -> 0 | G21: =C21+E21 -> 1
A22: 10. INSTALAÇÕES ELÉTRICAS | B22: =C22*$F22 -> 0 | D22: =E22*$F22 -> 0 | E22: 1 | F22: ='Orçamento REFORÇO ESTRUTURAL'!M69 -> 0 | G22: =C22+E22 -> 1
A23: 17. PINTURA | B23: =C23*$F23 -> 0 | D23: =E23*$F23 -> 0 | E23: 1 | F23: ='Orçamento REFORÇO ESTRUTURAL'!M78 -> 0 | G23: =C23+E23 -> 1
A24: 21. GERENCIAMENTO DE OBRAS / FISCALIZAÇÃO | B24: =C24*$F24 -> 0 | C24: 0.66 | D24: =E24*$F24 -> 0 | E24: 0.34 | F24: ='Orçamento REFORÇO ESTRUTURAL'!M85 -> 0 | G24: =C24+E24 -> 1
A25: 24. PISO | B25: =C25*$F25 -> 0 | C25: 0.9 | D25: =E25*$F25 -> 0 | E25: 0.1 | F25: ='Orçamento REFORÇO ESTRUTURAL'!M89 -> 0 | G25: =C25+E25 -> 1
A26: Total da Etapa | B26: =SUM(B16:B25) -> 0 | C26: =B26/$F$26 -> #DIV/0! | D26: =SUM(D16:D25) -> 0 | E26: =D26/$F$26 -> #DIV/0! | F26: =SUM(F16:F25) -> 0 | G26: =C26+E26 -> #DIV/0!
D29: Local e Data
D32: Nome do Profissional Responsável
D33: Especificação do Cargo/função
D34: N° do CREA ou CAU
